 Dungeon Crawl Stone Soup version 0.29.1-1-gd02db6906a (webtiles) character file.

Game seed: 6580615938312886903

2542 MisterFreud the Skirmisher (level 9, -6/70 (71) HPs)
             Began as a Gnoll Wanderer on Sept 18, 2022.
             Was a Believer of Yredelemnul.
             Killed by divine providence
             ... invoked by an orc priest
              (13 damage)
             ... on level 7 of the Dungeon.
             The game lasted 00:09:29 (6784 turns).

MisterFreud the Skirmisher (Gnoll Wanderer)         Turns: 6784, Time: 00:09:30

HP:   -6/70 (71)    AC: 12    Str: 12    XL:     9   Next: 55%
MP:   19/19         EV: 10    Int: 16    God:    Yredelemnul [**....]
Gold: 363           SH:  0    Dex: 11    Spells: 20/21 levels left

rFire   . . .      SeeInvis .   b - +1 dagger (venom)
rCold   . . .      Faith    .   (no shield)
rNeg    . . .      Spirit   .   g - +0 scale mail
rPois   .          Reflect  .   p - +0 helmet
rElec   .          Harm     .   n - +1 cloak
rCorr   .          Rampage  .   e - +0 pair of gloves
Will    +....                   (no boots)
Stlth   +.........              (no amulet)
HPRegen 0.21/turn               k - ring of willpower
MPRegen 0.16/turn               (no ring)

@: studying Translocations, lightly drained
A: fangs 1, strong nose, distributed training
a: Renounce Religion, Recall Undead Harvest, Dark Bargain


You were on level 7 of the Dungeon.
You worshipped Yredelemnul.
Yredelemnul was noncommittal.
You visited 2 branches of the dungeon, and saw 7 of its levels.

You collected 363 gold pieces.

Inventory:

Hand Weapons
 a - a +3 sling of flaming
 b - a +1 dagger of venom (weapon)
 d - a +0 dagger
Missiles
 f - 3 javelins
 h - 5 boomerangs
 s - 8 atropa-tipped darts
 t - a throwing net
 w - 6 poisoned darts
 x - a curare-tipped dart
Armour
 e - a +0 pair of gloves (worn)
 g - a +0 scale mail (worn)
 n - a +1 cloak (worn)
 p - a +0 helmet (worn)
Jewellery
 k - a ring of willpower (left hand)
 A - a +6 ring of intelligence
Scrolls
 c - 3 scrolls of blinking
 m - 2 scrolls of teleportation
Potions
 i - 2 potions of cancellation
 j - a potion of attraction
 l - 2 potions of curing
 o - a potion of brilliance
 q - 2 potions of invisibility
 r - 2 potions of lignification
 u - 2 potions of haste {unknown}
 v - a potion of flight {unknown}
 z - a potion of heal wounds {unknown}
 B - a potion of might {unknown}


   Skills:
 + Level 6.5 Fighting
 + Level 4.5 Short Blades
 + Level 4.5 Long Blades
 + Level 4.5 Axes
 + Level 4.5 Maces & Flails
 + Level 4.5 Polearms
 + Level 4.5 Staves
 + Level 8.0 Ranged Weapons
 + Level 4.5 Throwing
 + Level 5.3 Armour
 + Level 5.3 Dodging
 + Level 4.5 Stealth
 + Level 4.5 Shields
 + Level 4.5 Unarmed Combat
 + Level 6.8 Spellcasting
 + Level 4.3 Conjurations
 + Level 3.7 Hexes
 + Level 3.7 Summonings
 + Level 3.7 Necromancy
 + Level 4.1 Translocations
 + Level 3.7 Transmutations
 + Level 3.7 Fire Magic
 + Level 3.7 Ice Magic
 + Level 3.7 Air Magic
 + Level 3.7 Earth Magic
 + Level 3.7 Poison Magic
 + Level 5.0 Invocations
 + Level 4.5 Evocations


You had 20 spell levels left.
You knew the following spells:

 Your Spells              Type           Power      Damage    Failure   Level
a - Foxfire               Conj/Fire      72%        2x1d7     11%         1

Your spell library contained the following spells:

 Spells                   Type           Power      Damage    Failure   Level
 Apportation              Tloc           36%        N/A       11%         1
 Necrotise                Necr           68%        1d7       12%         1
 Summon Small Mammal      Summ           68%        N/A       12%         1
 Mephitic Cloud           Conj/Pois/Air  18%        N/A       32%         3
 Portal Projectile        Hex/Tloc       36%        N/A       32%         3
 Stone Arrow              Conj/Erth      36%        3d9       32%         3
 Tukima's Dance           Hex            17%        N/A       36%         3
 Animate Armour           Summ/Erth      34%        N/A       77%         4
 Blade Hands              Tmut           8%         N/A       98%         5
 Malign Gateway           Summ/Tloc      9%         N/A       100%        7
 Lehudib's Crystal Spear  Conj/Erth      9%         10d4      100%        8
 Summon Horrible Things   Summ           8%         N/A       100%        8


Dungeon Overview and Level Annotations

Branches:
Dungeon (5/15)             Temple (1/1) D:5

Altars:
Ashenzari
Elyvilon
Gozag
Kikubaaqudgha
Makhleb
Nemelex Xobeh
Okawaru
Ru
Trog
Uskayaw
Vehumet
Wu Jian
Xom
Yredelemnul
The Shining One

Shops:
D:3 :

Annotations:
D:5 2 transporters, Notanamesir's ghost, amateur OpVM


Innate Abilities, Weirdness & Mutations

You have very sharp teeth.
Your uncanny sense of smell can sniff out nearby items.
Your experience applies equally to all skills.


Message History

The dead are walking!
The orc throws a boomerang.
The boomerang hits your orc warrior zombie.
Your Invocations skill increases to level 5!
Something hits your orc warrior zombie.
The orc throws a boomerang.
The boomerang closely misses your orc warrior zombie.
The boomerang barely misses Pikel.
The boomerang hits your kobold brigand zombie.
Your kobold brigand zombie is destroyed!
Your orc warrior zombie closely misses the orc.
The orc hits your orc warrior zombie with a +0 hand axe!
Your orc warrior zombie barely misses the orc.
You swap places.
The orc hits your orc warrior zombie with a +0 hand axe.
The orc priest invokes the aid of Beogh against you.
Beogh smites you!
* * * LOW HITPOINT WARNING * * *
Your orc warrior zombie hits the orc.
You swap places.
The orc hits you but does no damage.
There is an open door here.
You hit the orc.
You kill the orc!
The dead are walking!
The orc priest hits your orc zombie with a +0 club.
You swap places.
The orc priest hits you with a +0 club.
* * * LOW HITPOINT WARNING * * *
Items here: ( ))) [[.
You hit the orc priest.
The orc priest is poisoned.
The orc priest is moderately wounded.
The orc priest closely misses you.
You barely miss the orc priest.
You bite the orc priest, but do no damage.
The orc priest is moderately wounded.
You hit the orc priest.
The orc priest looks as sick as possible!
The orc priest is heavily wounded.
The orc priest invokes the aid of Beogh against you.
Beogh smites you!
You die...
Your body rises from the dead as a mindless zombie.

...# ...############
#.............# ...
########.##### .# ... #..Z.ZZZ.
.# #5# #.#.####. #.# #o# #.#.##
#Z ###.### #@# #....###Z #.....#
##Z## #.Z#..##Z #.....# ##ZZZ##
#.....##. #.....## ##.ZZ..##
#.###.##. #......## ##.......##
#..##.##.
#Z......####.........####........
)..Z.......'.........'........###
###Z#...####.........####..#..##
#Z##.## ##.......## #...#..Z#


You could see an orc priest (extremely poisoned, ally target), a white imp, a
friendly sky beast zombie, 2 friendly orc zombies, a friendly orc warrior
zombie, a friendly orc priest zombie and the friendly Pikel the kobold zombie.

Vanquished Creatures
  Pikel (D:7)
  Prince Ribbit (D:5)
  Sigmund (D:3)
  2 water moccasins (D:5)
  3 black bears
  An orc warrior (D:7)
  A sky beast (D:7)
  A centaur (D:5)
  2 kobold brigands
  Blork the orc (D:5)
  2 scorpions (D:5)
  3 hounds
  2 jellies (D:5)
  3 orc priests
  Jessica (D:3)
  Terence (D:3)
  2 iguanas (D:5)
  An orc wizard (D:7)
  Robin (D:3)
  9 adders
  A shadow imp (D:7)
  An ufetubus (D:5)
  A worm (D:2)
  4 dart slugs
  13 orcs
  7 endoplasms
  5 giant cockroaches
  15 goblins
  15 hobgoblins
  4 jackals (D:2)
  15 kobolds
  4 quokkas
  4 ball pythons
  6 bats
  5 frilled lizards
  6 rats
145 creatures vanquished.

Vanquished Creatures (collateral kills)
  A hound (D:5)
  An orc (D:5)
  A kobold (D:7)
3 creatures vanquished.

Vanquished Creatures (others)
  A kobold zombie (D:7)
  A spectral shadow imp (D:7)
  5 orc zombies
  A foxfire (D:3)
  15 plants (D:3)
23 creatures vanquished.

Grand Total: 171 creatures vanquished

Notes
Turn   | Place    | Note
-------+----------+-------------------------------------------
     0 | D:1      | MisterFreud the Gnoll Wanderer began the quest for the Orb.
     0 | D:1      | MisterFreud set off with the following items: a +2 sling, a
                  | +0 scale mail, a scroll of blinking; and the following
                  | spell memorised: Foxfire; and the following spells
                  | available to memorise: Mephitic Cloud.
     0 | D:1      | Reached XP level 1. HP: 20/20 MP: 6/6
   281 | D:1      | Reached XP level 2. HP: 25/26 MP: 7/7
   630 | D:1      | Found a faded altar of an unknown god.
  1022 | D:2      | Reached skill level 5 in Spellcasting
  1022 | D:2      | Reached XP level 3. HP: 31/31 MP: 7/9
  1185 | D:2      | Reached skill level 1 in Invocations
  1300 | D:2      | Reached skill level 1 in Short Blades
  1300 | D:2      | Reached skill level 1 in Long Blades
  1300 | D:2      | Reached skill level 1 in Axes
  1300 | D:2      | Reached skill level 1 in Maces & Flails
  1300 | D:2      | Reached skill level 1 in Polearms
  1300 | D:2      | Reached skill level 1 in Staves
  1300 | D:2      | Reached skill level 1 in Throwing
  1300 | D:2      | Reached skill level 1 in Stealth
  1300 | D:2      | Reached skill level 1 in Shields
  1300 | D:2      | Reached skill level 1 in Unarmed Combat
  1300 | D:2      | Reached skill level 1 in Evocations
  1576 | D:2      | Reached XP level 4. HP: 30/38 MP: 11/11
  1677 | D:2      | Reached skill level 1 in Hexes
  1677 | D:2      | Reached skill level 1 in Summonings
  1677 | D:2      | Reached skill level 1 in Necromancy
  1677 | D:2      | Reached skill level 1 in Translocations
  1677 | D:2      | Reached skill level 1 in Transmutations
  1677 | D:2      | Reached skill level 1 in Fire Magic
  1677 | D:2      | Reached skill level 1 in Ice Magic
  1677 | D:2      | Reached skill level 1 in Air Magic
  1677 | D:2      | Reached skill level 1 in Earth Magic
  1677 | D:2      | Reached skill level 1 in Poison Magic
  2433 | D:3      | Reached XP level 5. HP: 43/43 MP: 12/12
  2551 | D:3      | Found Zudupn's Book Shop.
  2605 | D:3      | Noticed Jessica
  2660 | D:3      | Noticed Robin
  2669 | D:3      | Killed Robin
  2826 | D:3      | Noticed Sigmund
  2832 | D:3      | Killed Sigmund
  2833 | D:3      | Reached skill level 5 in Fighting
  2833 | D:3      | Reached XP level 6. HP: 51/51 MP: 14/14
  2879 | D:3      | Noticed Terence
  2888 | D:3      | Killed Terence
  2959 | D:3      | Found an ornate altar of the Wu Jian Council.
  2996 | D:3      | Killed Jessica
  3265 | D:4      | Reached skill level 7 in Ranged Weapons
  3265 | D:4      | Reached XP level 7. HP: 56/56 MP: 15/15
  4251 | D:5      | Entered Level 5 of the Dungeon
  4342 | D:5      | Found a staircase to the Ecumenical Temple.
  4352 | Temple   | Entered the Ecumenical Temple
  4409 | Temple   | Became a worshipper of Yredelemnul the Dark
  4631 | D:5      | Noticed Blork the orc
  4640 | D:5      | Killed Blork the orc
  4640 | D:5      | Reached * piety under Yredelemnul
  4687 | D:5      | Reached XP level 8. HP: 50/63 MP: 16/16
  5068 | D:5      | Noticed Prince Ribbit
  5098 | D:5      | Killed Prince Ribbit
  5099 | D:5      | Reached ** piety under Yredelemnul
  5502 | D:5      | Reached *** piety under Yredelemnul
  5552 | D:5      | Reached XP level 9. HP: 62/69 MP: 18/18
  5589 | D:5      | Reached **** piety under Yredelemnul
  5589 | D:5      | Reached ***** piety under Yredelemnul
  5646 | D:5      | Noticed Notanamesir's ghost (amateur OpVM)
  5647 | D:5      | Found a transporter.
  5660 | D:5      | Noticed a troll
  5859 | D:5      | Found a transporter.
  5871 | D:5      | You fall into a shaft and drop 2 floors!
  5904 | D:7      | Noticed Pikel
  5942 | D:7      | Killed Pikel
  5943 | D:7      | Reached skill level 5 in Armour
  5943 | D:7      | Reached skill level 5 in Dodging
  6270 | D:7      | Reached skill level 8 in Ranged Weapons
  6637 | D:7      | Found a bloodstained altar of Trog.
  6774 | D:7      | Reached skill level 5 in Invocations
  6784 | D:7      | Killed from afar by an orc priest

Illustrated notes

Levels and vault maps discovered:
D:1:      minmay_arrival_split_and_join, layout_loops_corners,
          ebering_ecumenical_altar_ruins
D:2:      minmay_recursive_quarters, layout_basic, minmay_pentomino_u2
D:3:      layout_rooms, mainiacjoe_overflow_alcove_2, serial_shops,
          shop_fountains, serial_co_window_serial, co_window_paths_a,
          co_window_corner_a, co_window_paths_a, co_window_paths_a,
          co_window_paths_a, co_window_of_opportunity_c, co_window_broadway_c,
          co_window_unsneaky_path_d, co_window_cross_4, glass_columns_a,
          glass_columns_a, glass_columns_c, lexackson_kobold_supper, uniq_robin,
          uniq_sigmund, uniq_terence, uniq_jessica
D:4:      layout_cave_pods
D:5:      layout_loops_cross, minmay_temple_entry_drinking_statues,
          cheibrodos_sewer_entry_bend, gammafunk_ghost_arena,
          minmay_manual_macuahuitl, uniq_prince_ribbit1, uniq_eustachio,
          uniq_blork_the_orc
D:7:      layout_loops_corners, lemuel_crystal_altar,
          mainiacjoe_overflow_small_starburst, nicolae_fountain_basement,
          uniq_pikel
Temple:   eino_temple_water

Skill      XL: |  1  2  3  4  5  6  7  8  9 |
---------------+----------------------------+-----
Conjurations   | 2 3 4 |  4.3
Spellcasting   | 5 6 |  6.8
Invocations    | 1 2 3 4 5 |  5.0
Short Blades   | 1 2 3 4 |  4.5
Long Blades    | 1 2 3 4 |  4.5
Axes           | 1 2 3 4 |  4.5
Maces & Flails | 1 2 3 4 |  4.5
Polearms       | 1 2 3 4 |  4.5
Staves         | 1 2 3 4 |  4.5
Throwing       | 1 2 3 4 |  4.5
Stealth        | 1 2 3 4 |  4.5
Shields        | 1 2 3 4 |  4.5
Unarmed Combat | 1 2 3 4 |  4.5
Evocations     | 1 2 3 4 |  4.5
Hexes          | 1 2 3 |  3.7
Summonings     | 1 2 3 |  3.7
Necromancy     | 1 2 3 |  3.7
Translocations | 1 2 3 4 |  4.1
Transmutations | 1 2 3 |  3.7
Fire Magic     | 1 2 3 |  3.7
Ice Magic      | 1 2 3 |  3.7
Air Magic      | 1 2 3 |  3.7
Earth Magic    | 1 2 3 |  3.7
Poison Magic   | 1 2 3 |  3.7
Armour         | 3 4 5 |  5.3
Dodging        | 3 4 5 |  5.3
Fighting       | 5 6 |  6.5
Ranged Weapons | 7 8 |  8.0

Action                   |  1- 3 |  4- 6 |  7- 9 || total
-------------------------+-------+-------+-------++-------
Melee: Dagger            |       |     9 |   234 ||   243
       Bite              |       |       |    29 ||    29
       Punch             |       |       |     8 ||     8
 Fire: Sling             |   143 |   137 |    67 ||   347
 Cast: Foxfire           |       |     1 |       ||     1
  Use: Scroll            |       |     7 |     8 ||    15
       Potion            |       |     1 |     1 ||     2
Armor: Scale mail        |    60 |    71 |   135 ||   266
Dodge: Dodged            |    30 |    47 |    97 ||   174
